General information
- name: BNet
- type: Ladder team game (AT/RT)
- host: Battle.net
- saver: BadAsh
map: DragonFalls
- players: 8
- length: 69:54
- speed: Fast
- version: 1.26 W3XP
- replay type: Public
» download(327 KB)
Players
team 1 (winner)

»
brianpeepers (
green | 57 APM | 3974 actions | 69:54)
5 Shadow Hunter
3 Hex
2 Healing Wave
1 Archmage
1 Summon Water Elemental
» actions
| Assign group hotkey | 73 | |
| Basic commands | 208 | |
| Build / train | 145 | |
| Enter build submenu | 51 | |
| Enter hero's abilities submenu | 6 | |
| Give item / drop item | 1 | |
| Remove unit from queue | 20 | |
| Right click | 1048 | |
| Select / deselect | 1004 | |
| Select group hotkey | 1233 | |
| Use ability | 184 | |
3974 total
» units
| Peon | 53 | |
| Grunt | 12 | |
| Shaman | 14 | |
| Troll Batrider | 18 | |
| Raider | 1 | |
98 total
» upgrades
| Pillage | 1 | |
| Armor | 1 | |
| Melee Weapons | 1 | |
| Shaman Training | 2 | |
| Liquid Fire | 1 | |
| Ensnare | 1 | |
7 total
» buildings
| Orc Burrow | 24 | |
| Altar of Storms | 8 | |
| Barracks | 1 | |
| Great Hall | 5 | |
| Voodoo Lounge | 1 | |
| War Mill | 1 | |
| Stronghold | 4 | |
| Spirit Lodge | 2 | |
| Fortress | 1 | |
| Beastiary | 2 | |
49 total
» build order
00:16 Orc Burrow
00:23 Altar of Storms
00:54 Barracks
01:42 Orc Burrow
02:45 Orc Burrow
04:42 Great Hall
05:14 Voodoo Lounge
05:19 War Mill
06:18 Stronghold
06:18 Stronghold
06:43 Orc Burrow
07:40 Orc Burrow
08:40 Spirit Lodge
08:45 Spirit Lodge
09:28 Fortress
10:51 Beastiary
13:26 Beastiary
15:14 Orc Burrow
15:16 Orc Burrow
16:59 Orc Burrow
17:10 Orc Burrow
17:34 Orc Burrow
18:59 Orc Burrow
19:05 Orc Burrow
20:46 Great Hall
28:12 Great Hall
30:35 Great Hall
34:39 Orc Burrow
34:57 Orc Burrow
49:05 Orc Burrow
50:15 Altar of Storms
54:10 Altar of Storms
54:12 Stronghold
54:17 Altar of Storms
54:35 Altar of Storms
57:17 Orc Burrow
59:31 Altar of Storms
59:34 Orc Burrow
59:52 Orc Burrow
60:04 Great Hall
62:20 Altar of Storms
62:46 Orc Burrow
65:59 Orc Burrow
66:05 Altar of Storms
66:32 Orc Burrow
67:57 Orc Burrow
68:01 Orc Burrow
68:03 Orc Burrow
» items
| Lesser Clarity Potion | 1 | |
| Healing Salve | 1 | |
| Scroll of Town Portal | 3 | |
| Orb of Lightning | 1 | |
| Tiny Great Hall | 1 | |
7 total
choaswar (
blue | 36 APM | 566 actions | 15:54)
2 Paladin
1 Holy Light
1 Devotion Aura
1 Archmage
1 Brilliance Aura
» actions
| Build / train | 55 | |
| Enter build submenu | 27 | |
| Enter hero's abilities submenu | 3 | |
| Give item / drop item | 3 | |
| Remove unit from queue | 2 | |
| Right click | 263 | |
| Select / deselect | 167 | |
| Use ability | 46 | |
566 total
» units
| Peasant | 13 | |
| Footman | 6 | |
| Priest | 6 | |
| Knight | 8 | |
33 total
» upgrades
| Lumber Harvesting | 1 | |
| Swords | 3 | |
| Priest Training | 2 | |
| Animal War Training | 1 | |
| Magic Sentry | 1 | |
| Plating | 1 | |
9 total
» buildings
| Altar of Kings | 1 | |
| Barracks | 2 | |
| Farm | 15 | |
| Lumber Mill | 1 | |
| Keep | 5 | |
| Blacksmith | 2 | |
| Castle | 1 | |
| Arcane Sanctum | 2 | |
29 total
» build order
00:13 Altar of Kings
00:19 Barracks
00:51 Farm
01:38 Farm
02:18 Lumber Mill
03:42 Farm
03:59 Keep
04:00 Keep
04:00 Keep
04:00 Keep
05:19 Farm
05:27 Blacksmith
05:31 Blacksmith
05:45 Farm
05:46 Farm
06:46 Farm
07:33 Castle
09:20 Arcane Sanctum
09:47 Farm
09:50 Farm
09:51 Farm
09:52 Farm
09:54 Farm
13:18 Arcane Sanctum
13:23 Barracks
13:31 Farm
13:38 Farm
15:34 Farm
D.e.a.t.h (
teal | 36 APM | 831 actions | 23:06)
4 Mountain King
3 Storm Bolt
1 Bash
1 Paladin
1 Holy Light
1 Archmage
1 Brilliance Aura
» actions
| Build / train | 81 | |
| Enter build submenu | 28 | |
| Enter hero's abilities submenu | 6 | |
| Give item / drop item | 3 | |
| Remove unit from queue | 6 | |
| Right click | 284 | |
| Select / deselect | 341 | |
| Use ability | 82 | |
831 total
» units
| Peasant | 9 | |
| Footman | 6 | |
| Sorceress | 11 | |
| Knight | 5 | |
| Priest | 2 | |
33 total
» upgrades
| Masonry | 2 | |
| Plating | 3 | |
| Swords | 2 | |
| Lumber Harvesting | 1 | |
| Sorceress Training | 4 | |
| Animal War Training | 1 | |
13 total
» buildings
| Altar of Kings | 1 | |
| Farm | 8 | |
| Barracks | 1 | |
| Lumber Mill | 2 | |
| Scout Tower | 9 | |
| Arcane Vault | 1 | |
| Arcane Tower | 2 | |
| Guard Tower | 6 | |
| Keep | 1 | |
| Blacksmith | 1 | |
| Arcane Sanctum | 1 | |
| Castle | 1 | |
| Town Hall | 2 | |
36 total
» build order
00:19 Altar of Kings
00:33 Farm
00:49 Farm
01:08 Barracks
01:27 Lumber Mill
01:42 Farm
01:52 Scout Tower
02:19 Scout Tower
02:23 Arcane Vault
02:28 Arcane Tower
02:47 Guard Tower
02:50 Scout Tower
03:54 Scout Tower
03:58 Arcane Tower
03:59 Keep
04:03 Blacksmith
04:23 Guard Tower
04:26 Farm
05:09 Farm
05:23 Scout Tower
05:58 Guard Tower
06:02 Farm
06:40 Arcane Sanctum
07:44 Castle
08:20 Town Hall
10:24 Farm
11:09 Farm
17:19 Scout Tower
18:14 Town Hall
18:40 Guard Tower
18:43 Scout Tower
19:10 Lumber Mill
19:14 Guard Tower
19:16 Scout Tower
19:48 Guard Tower
19:50 Scout Tower
» items
| Lesser Clarity Potion | 2 | |
| Scroll of Regeneration | 4 | |
| Scroll of Town Portal | 2 | |
8 total
SIGNORY-WEAVER (
yellow | 55 APM | 3824 actions | 69:54)
9 Blademaster
3 Wind Walk
3 Critical Strike
1 Bladestorm
2 Mirror Image
6 Shadow Hunter
3 Hex
2 Healing Wave
1 Big Bad Voodoo
» actions
| Assign group hotkey | 37 | |
| Basic commands | 53 | |
| Build / train | 69 | |
| Enter build submenu | 33 | |
| Enter hero's abilities submenu | 15 | |
| Give item / drop item | 5 | |
| Right click | 1654 | |
| Select / deselect | 327 | |
| Select group hotkey | 1098 | |
| Use ability | 533 | |
3824 total
» units
| Peon | 11 | |
| Goblin Shredder | 1 | |
| Wind Rider | 6 | |
| Troll Batrider | 5 | |
| Goblin Zeppelin | 3 | |
| Raider | 1 | |
27 total
» upgrades
| Ranged Weapons | 2 | |
| Armor | 2 | |
| Reinforced Defenses | 1 | |
| Envenomed Spears | 1 | |
| Liquid Fire | 1 | |
| Ensnare | 1 | |
8 total
» buildings
| Altar of Storms | 1 | |
| Orc Burrow | 9 | |
| War Mill | 2 | |
| Voodoo Lounge | 1 | |
| Watch Tower | 45 | |
| Great Hall | 3 | |
| Stronghold | 2 | |
| Fortress | 1 | |
| Beastiary | 3 | |
67 total
» build order
00:07 Altar of Storms
00:17 Orc Burrow
00:41 War Mill
01:22 Voodoo Lounge
01:57 Watch Tower
03:04 Great Hall
03:12 Watch Tower
03:45 Stronghold
03:51 Orc Burrow
04:17 Watch Tower
04:18 Watch Tower
04:27 Watch Tower
05:52 Watch Tower
05:53 Watch Tower
05:53 Watch Tower
06:23 Fortress
06:49 Beastiary
07:01 Beastiary
07:09 Beastiary
07:17 Orc Burrow
07:17 Orc Burrow
07:56 Watch Tower
07:56 Watch Tower
08:02 Watch Tower
08:02 Watch Tower
08:03 Watch Tower
09:38 Watch Tower
09:39 Watch Tower
09:40 Watch Tower
09:41 Watch Tower
09:41 Watch Tower
09:50 Orc Burrow
12:28 Watch Tower
12:28 Watch Tower
12:29 Watch Tower
12:29 Watch Tower
12:30 Watch Tower
12:30 Watch Tower
12:32 Watch Tower
12:32 Watch Tower
13:40 Watch Tower
13:41 Watch Tower
13:41 Watch Tower
14:24 Watch Tower
14:24 Watch Tower
14:25 Watch Tower
15:02 Watch Tower
15:02 Watch Tower
15:02 Watch Tower
15:03 Watch Tower
16:11 Watch Tower
16:27 Watch Tower
16:27 Watch Tower
16:55 Orc Burrow
16:55 Orc Burrow
17:22 Orc Burrow
17:42 Watch Tower
17:43 Watch Tower
17:43 Watch Tower
20:48 War Mill
24:10 Orc Burrow
39:02 Great Hall
43:12 Great Hall
» items
| Healing Salve | 2 | |
| Staff of Teleportation | 1 | |
| Scroll of Town Portal | 3 | |
| Potion of Lesser Invulnerability | 2 | |
| Orb of Lightning | 1 | |
| Potion of Mana | 1 | |
10 total
team 2 (loser)
warkruft (
red | 16 APM | 1105 actions | 69:54)
6 Death Knight
3 Death Coil
1 Death Pact
1 Unholy Aura
1 Animate Dead
5 Lich
3 Frost Nova
2 Dark Ritual
» actions
| Build / train | 71 | |
| Enter build submenu | 22 | |
| Enter hero's abilities submenu | 11 | |
| Give item / drop item | 6 | |
| Remove unit from queue | 2 | |
| Right click | 607 | |
| Select / deselect | 308 | |
| Use ability | 76 | |
1105 total
» units
| Acolyte | 17 | |
| Ghoul | 3 | |
| Crypt Fiend | 9 | |
| Obsidian Statue | 2 | |
| Frost Wyrm | 4 | |
35 total
» upgrades
| Web | 1 | |
| Burrow | 1 | |
| Creature Attack | 3 | |
| Freezing Breath | 1 | |
6 total
» buildings
| Graveyard | 1 | |
| Crypt | 1 | |
| Ziggurat | 9 | |
| Altar of Darkness | 1 | |
| Tomb of Relics | 1 | |
| Halls of the Dead | 1 | |
| Slaughterhouse | 1 | |
| Sacrificial Pit | 1 | |
| Black Citadel | 1 | |
| Boneyard | 2 | |
| Nerubian Tower | 5 | |
| Spirit Tower | 4 | |
28 total
» build order
00:14 Graveyard
00:23 Crypt
00:45 Ziggurat
01:00 Altar of Darkness
01:37 Ziggurat
02:51 Tomb of Relics
04:30 Halls of the Dead
04:41 Ziggurat
07:28 Ziggurat
07:31 Slaughterhouse
07:34 Sacrificial Pit
08:30 Black Citadel
11:08 Boneyard
11:13 Boneyard
11:17 Ziggurat
11:20 Ziggurat
11:27 Ziggurat
11:33 Ziggurat
11:39 Ziggurat
13:18 Nerubian Tower
15:43 Spirit Tower
15:44 Spirit Tower
15:45 Nerubian Tower
15:47 Spirit Tower
15:50 Spirit Tower
15:51 Nerubian Tower
17:23 Nerubian Tower
19:13 Nerubian Tower
» items
| Rod of Necromancy | 1 | |
| Periapt of Vitality | 1 | |
| Potion of Healing | 1 | |
| Orb of Corruption | 1 | |
4 total
FakuDOLAND (
pink | 31 APM | 2148 actions | 69:54)
6 Archmage
3 Summon Water Elemental
2 Brilliance Aura
1 Mass Teleport
» actions
| Assign group hotkey | 58 | |
| Basic commands | 188 | |
| Build / train | 116 | |
| Enter build submenu | 41 | |
| Enter hero's abilities submenu | 6 | |
| Remove unit from queue | 7 | |
| Right click | 564 | |
| Select / deselect | 518 | |
| Select group hotkey | 518 | |
| Use ability | 132 | |
2148 total
» units
| Peasant | 26 | |
| Footman | 11 | |
| Priest | 2 | |
| Spell Breaker | 2 | |
| Sorceress | 1 | |
| Flying Machine | 10 | |
| Siege Engine | 3 | |
55 total
» upgrades
| Lumber Harvesting | 1 | |
| Swords | 2 | |
| Plating | 1 | |
| Gunpowder | 2 | |
| Flak Cannons | 1 | |
| Sorceress Training | 2 | |
| Control Magic | 1 | |
| Barrage | 1 | |
| Priest Training | 2 | |
| Magic Sentry | 1 | |
| Flying Machine Bombs | 1 | |
| Armor | 2 | |
17 total
» buildings
| Altar of Kings | 1 | |
| Farm | 16 | |
| Barracks | 1 | |
| Scout Tower | 7 | |
| Arcane Tower | 4 | |
| Lumber Mill | 1 | |
| Town Hall | 7 | |
| Arcane Vault | 1 | |
| Keep | 4 | |
| Arcane Sanctum | 2 | |
| Blacksmith | 1 | |
| Guard Tower | 10 | |
| Castle | 2 | |
| Workshop | 3 | |
| Gryphon Aviary | 2 | |
62 total
» build order
00:09 Altar of Kings
00:12 Farm
00:31 Barracks
00:45 Farm
01:30 Farm
01:59 Scout Tower
02:15 Farm
02:29 Arcane Tower
02:53 Farm
03:11 Lumber Mill
04:18 Town Hall
04:39 Arcane Vault
04:50 Farm
04:57 Keep
04:58 Keep
04:58 Keep
06:02 Farm
06:04 Farm
06:50 Scout Tower
07:27 Arcane Sanctum
07:32 Arcane Sanctum
08:04 Blacksmith
08:11 Guard Tower
08:11 Guard Tower
09:38 Scout Tower
09:39 Scout Tower
09:47 Castle
09:47 Castle
10:29 Guard Tower
10:53 Guard Tower
10:53 Guard Tower
10:55 Scout Tower
10:57 Scout Tower
11:07 Workshop
11:24 Guard Tower
11:24 Guard Tower
11:44 Workshop
11:52 Guard Tower
11:52 Guard Tower
12:55 Scout Tower
13:26 Arcane Tower
15:04 Farm
15:05 Farm
15:07 Farm
15:08 Farm
15:52 Gryphon Aviary
15:58 Gryphon Aviary
17:02 Workshop
20:29 Town Hall
22:59 Town Hall
24:20 Town Hall
25:19 Town Hall
25:37 Farm
25:38 Farm
25:39 Farm
25:39 Farm
31:05 Town Hall
36:40 Town Hall
» items
| Scroll of Regeneration | 1 | |
| Scroll of Town Portal | 3 | |
| Orb of Corruption | 1 | |
| Potion of Healing | 1 | |
6 total
BadAsh (
purple | 50 APM | 3496 actions | 69:54)
9 Archmage
3 Summon Water Elemental
3 Brilliance Aura
1 Mass Teleport
2 Blizzard
» actions
| Assign group hotkey | 42 | |
| Basic commands | 219 | |
| Build / train | 122 | |
| Enter build submenu | 65 | |
| Enter hero's abilities submenu | 9 | |
| Give item / drop item | 14 | |
| Remove unit from queue | 2 | |
| Right click | 1215 | |
| Select / deselect | 574 | |
| Select group hotkey | 804 | |
| Use ability | 430 | |
3496 total
» units
| Peasant | 12 | |
| Footman | 4 | |
| Goblin Shredder | 6 | |
| Goblin Zeppelin | 1 | |
| Gryphon Rider | 6 | |
| Green Dragon | 5 | |
| Goblin Sapper | 19 | |
| Dragonhawk Rider | 2 | |
55 total
» upgrades
| Masonry | 3 | |
| Swords | 3 | |
| Armor | 3 | |
| Storm Hammers | 1 | |
| Animal War Training | 1 | |
| Cloud | 1 | |
12 total
» buildings
| Altar of Kings | 1 | |
| Barracks | 1 | |
| Farm | 8 | |
| Keep | 1 | |
| Town Hall | 7 | |
| Scout Tower | 51 | |
| Arcane Vault | 2 | |
| Lumber Mill | 1 | |
| Castle | 1 | |
| Guard Tower | 24 | |
| Gryphon Aviary | 4 | |
| Blacksmith | 2 | |
103 total
» build order
00:38 Altar of Kings
00:39 Barracks
00:54 Farm
01:06 Farm
01:06 Farm
01:51 Farm
03:34 Keep
04:21 Town Hall
04:25 Scout Tower
04:26 Scout Tower
04:28 Scout Tower
04:31 Scout Tower
04:41 Arcane Vault
04:46 Lumber Mill
06:01 Castle
06:04 Guard Tower
08:25 Gryphon Aviary
08:27 Gryphon Aviary
08:29 Gryphon Aviary
08:31 Gryphon Aviary
08:34 Blacksmith
08:39 Blacksmith
09:33 Guard Tower
09:35 Scout Tower
09:48 Scout Tower
09:57 Farm
10:01 Farm
12:37 Guard Tower
18:20 Town Hall
18:39 Scout Tower
18:42 Scout Tower
18:44 Scout Tower
18:51 Scout Tower
18:52 Scout Tower
18:53 Scout Tower
18:54 Scout Tower
18:55 Scout Tower
19:02 Scout Tower
19:17 Guard Tower
20:08 Farm
20:12 Scout Tower
20:12 Scout Tower
20:13 Scout Tower
20:14 Scout Tower
20:49 Guard Tower
21:07 Scout Tower
21:09 Scout Tower
21:10 Scout Tower
21:12 Scout Tower
21:14 Scout Tower
21:38 Guard Tower
21:52 Scout Tower
22:47 Arcane Vault
22:53 Scout Tower
22:57 Guard Tower
23:09 Guard Tower
23:28 Farm
23:46 Guard Tower
23:58 Town Hall
28:01 Town Hall
28:45 Town Hall
28:48 Scout Tower
28:49 Scout Tower
28:50 Scout Tower
28:51 Scout Tower
28:54 Scout Tower
28:54 Scout Tower
28:56 Scout Tower
28:57 Scout Tower
29:19 Guard Tower
29:21 Guard Tower
29:24 Guard Tower
29:41 Scout Tower
29:43 Scout Tower
29:43 Scout Tower
29:44 Scout Tower
29:49 Guard Tower
29:51 Guard Tower
29:52 Guard Tower
29:52 Guard Tower
29:52 Guard Tower
29:56 Guard Tower
31:47 Guard Tower
37:54 Town Hall
37:58 Scout Tower
37:59 Scout Tower
38:00 Scout Tower
38:01 Scout Tower
38:10 Scout Tower
38:16 Scout Tower
38:16 Scout Tower
38:17 Scout Tower
38:17 Scout Tower
38:19 Scout Tower
38:20 Scout Tower
38:21 Scout Tower
38:22 Scout Tower
38:54 Guard Tower
39:10 Guard Tower
39:12 Guard Tower
39:43 Guard Tower
46:26 Town Hall
» items
| Mechanical Critter | 7 | |
| Periapt of Vitality | 3 | |
| Potion of Healing | 1 | |
| Scroll of Regeneration | 4 | |
| Lesser Clarity Potion | 1 | |
| Scroll of Town Portal | 1 | |
17 total
Sonata (
orange | 42 APM | 2951 actions | 69:54)
5 Mountain King
3 Storm Bolt
2 Bash
» actions
| Assign group hotkey | 1015 | |
| Basic commands | 2 | |
| Build / train | 51 | |
| Enter build submenu | 23 | |
| Enter hero's abilities submenu | 5 | |
| Right click | 1027 | |
| Select / deselect | 351 | |
| Select group hotkey | 367 | |
| Use ability | 110 | |
2951 total
» units
| Peasant | 11 | |
| Rifleman | 12 | |
| Priest | 3 | |
26 total
» upgrades
| Gunpowder | 3 | |
| Armor | 4 | |
| Long Rifles | 1 | |
| Lumber Harvesting | 2 | |
| Priest Training | 2 | |
12 total
» buildings
| Altar of Kings | 1 | |
| Farm | 9 | |
| Blacksmith | 1 | |
| Barracks | 2 | |
| Lumber Mill | 2 | |
| Arcane Vault | 1 | |
| Scout Tower | 2 | |
| Guard Tower | 1 | |
| Keep | 1 | |
| Castle | 1 | |
| Arcane Sanctum | 2 | |
| Town Hall | 1 | |
24 total
» build order
00:20 Altar of Kings
00:24 Farm
01:11 Farm
01:29 Blacksmith
01:57 Farm
02:19 Barracks
02:39 Farm
02:49 Lumber Mill
02:59 Arcane Vault
03:30 Farm
04:24 Scout Tower
04:29 Scout Tower
05:03 Guard Tower
05:53 Keep
07:32 Farm
07:33 Farm
08:14 Castle
08:31 Barracks
09:11 Farm
09:18 Farm
10:02 Lumber Mill
12:36 Arcane Sanctum
13:36 Arcane Sanctum
22:56 Town Hall
» items
| Boots of Speed | 1 | |
| Scroll of Town Portal | 1 | |
| Scroll of Regeneration | 1 | |
3 total
Chat log
(00:08 / All) BadAsh: green always looks amazed
(00:19 / All) brianpeepers: O.O
(00:25 / All) SIGNORY-WEAVER: excuse me?
(00:34 / All) Sonata: jake and the gang huh? lol
(01:06 / All) Sonata: more standoff trolling? -_-
(01:37 / All) BadAsh: Sloth is #1
(01:42 / All) Sonata: no need to hide it
(01:44 / All) Sonata: admit it early lol
(01:47 / All) SIGNORY-WEAVER: goonies?
(02:06 / All) BadAsh: best 80s kids movie
(02:09 / All) Sonata: yellarbellyjake for and the gang ^^
(08:52 / Allies) FakuDOLAND: help me
(08:53 / Allies) FakuDOLAND: red
(08:55 / Allies) FakuDOLAND: please?
(09:00 / Allies) FakuDOLAND: or go to base
(09:01 / Allies) FakuDOLAND: thats cool
(09:04 / Allies) FakuDOLAND: just chill out and take a breather
(10:44 / All) BadAsh: It's like waves of marauders
(10:47 / All) FakuDOLAND: nice harass there bro
(10:52 / All) brianpeepers: <3
(13:42 / Allies) BadAsh: hit teal
(13:47 / Allies) BadAsh: I'll hit green
(16:33 / All) BadAsh: NOPE.JPG
(23:20 / All) SIGNORY-WEAVER: yea oj expo right next to me
(23:22 / All) SIGNORY-WEAVER: real smart
(27:31 / Allies) FakuDOLAND: HELPPP
(27:36 / Allies) FakuDOLAND: FUCK
(28:12 / Allies) FakuDOLAND: i can kill buildings
(28:18 / Allies) FakuDOLAND: you guys should get their armies
(28:28 / Allies) FakuDOLAND: oh look
(28:29 / Allies) FakuDOLAND: there they are
(28:48 / Allies) FakuDOLAND: oh no tp on red
(28:50 / Allies) FakuDOLAND: that stinks
(30:10 / Allies) Sonata: back up red
(30:52 / Allies) Sonata: lol
(30:54 / Allies) Sonata: ;/
(31:08 / Allies) Sonata: lol
(31:09 / Allies) BadAsh: CHECK HIS EXPO
(31:13 / Allies) Sonata: kk
(31:27 / Allies) FakuDOLAND: what is purple doing
(31:28 / Allies) FakuDOLAND: did he
(31:30 / Allies) FakuDOLAND: gg
(31:39 / Allies) Sonata: dont mind purp lol
(31:44 / Allies) Sonata: he like to go commando
(31:45 / Allies) Sonata: xD
(31:47 / Allies) FakuDOLAND: gay
(31:50 / Allies) FakuDOLAND: he stole all the expos
(31:51 / Allies) FakuDOLAND: then afks
(32:00 / Allies) Sonata: np
(32:03 / Allies) Sonata: adapt
(32:13 / All) SIGNORY-WEAVER: god damn u guys are awesome
(32:40 / Allies) FakuDOLAND: umm
(32:41 / Allies) FakuDOLAND: im tanking
(32:42 / Allies) FakuDOLAND: plz go
(32:58 / Allies) FakuDOLAND: im tanking for nothing
(33:03 / Allies) FakuDOLAND: unless we all attack
(34:32 / Allies) BadAsh: CANCEL!
(34:37 / Allies) FakuDOLAND: fuck you
(34:41 / All) SIGNORY-WEAVER: u called it oj
(34:42 / Allies) BadAsh: DONT WASTE RESOURCE
(34:43 / Allies) BadAsh: GIVE TO ME
(34:56 / Allies) Sonata: lol
(34:57 / All) SIGNORY-WEAVER: u called me an idiot?
(35:00 / Allies) FakuDOLAND: i hope we fucking lose cause you were afk all game
(35:04 / All) Sonata: me? no lol
(35:04 / All) SIGNORY-WEAVER: i mean teal called me an idiot
(35:10 / All) BadAsh: I was browsing for pornography
(35:10 / All) FakuDOLAND: you are
(35:19 / All) BadAsh: There's a distinction
(35:23 / All) BadAsh: Not away from keyboard
(35:35 / Allies) warkruft: they are expanding purple, did you build all that for entertainment
(35:36 / Allies) BadAsh: Can I have your resources pink?
(35:36 / All) SIGNORY-WEAVER: im coming for ur am pink
(35:58 / Allies) warkruft: u have 11Gs - share the wealth?
(36:05 / Allies) warkruft: 13 now
(36:06 / Allies) BadAsh: I don't have much to spare
(36:09 / Allies) Sonata: nah he not going to
(36:11 / Allies) Sonata: thatz the point
(36:13 / Allies) Sonata: lol
(36:14 / Allies) warkruft: then I guess we lose
(36:18 / Allies) Sonata: to troll xD
(36:24 / All) brianpeepers: :(
(36:46 / All) brianpeepers: goobipls
(36:48 / All) BadAsh: 0.0, in your honor Brian
(38:01 / All) SIGNORY-WEAVER: can u bring ur sh
(38:12 / Allies) BadAsh: Keep it safe guys
(38:17 / Allies) Sonata: lol
(38:39 / All) SIGNORY-WEAVER: pinky
(38:42 / All) SIGNORY-WEAVER: oh pinky
(38:47 / All) SIGNORY-WEAVER: where has ur little archmage gone to
(39:27 / All) SIGNORY-WEAVER: watcya doing there red lol
(39:31 / All) SIGNORY-WEAVER: u should know better
(39:46 / All) warkruft: getting tired of watching purple play with himself
(40:01 / All) BadAsh: Are you hiding in the bushes?
(40:17 / All) warkruft: you wouldn't share your porn
(40:20 / All) BadAsh: You've been hiding behind trees or in the chimney or else you couldn't have known it!
(40:51 / All) Sonata: go kill it lol
(40:53 / All) Sonata: ^^
(41:16 / All) Sonata: kill it
(41:17 / All) Sonata: lo
(41:34 / All) BadAsh: Don't mind me, I'm window shopping
(41:37 / Allies) warkruft: really purple
(41:45 / All) Sonata: jake and for y do you three enjoy doing thi all the time lol
(41:52 / All) Sonata: never get bored of it? o_o
(41:59 / All) SIGNORY-WEAVER: of what
(42:03 / All) Sonata: trolling lol
(42:10 / All) SIGNORY-WEAVER: wut
(42:10 / All) Sonata: pretty obv.
(42:50 / Allies) BadAsh: I'll save you
(43:01 / All) Sonata: at the end youll uicide
(43:05 / All) Sonata: and kill everything and tandoff
(43:06 / All) Sonata: lmao
(43:07 / All) Sonata: xD
(44:26 / All) brianpeepers: okay how long is this gonna be?
(44:30 / All) brianpeepers: you gonna come kill us already?
(45:06 / All) Sonata: nah brian pretty much they'll both suicide and make a standoff for entertainment lol
(45:10 / All) Sonata: xD
(45:17 / All) SIGNORY-WEAVER: wut
(45:26 / All) Sonata: dont pretend you dont kno jake
(45:27 / All) Sonata: or for xD
(45:30 / All) SIGNORY-WEAVER: buy town hall
(45:30 / All) Sonata: lol
(45:36 / All) SIGNORY-WEAVER: u keep calling me jake
(45:37 / All) SIGNORY-WEAVER: who is he
(45:42 / All) SIGNORY-WEAVER: buy tiny hall
(45:42 / All) Sonata: lmao
(45:43 / All) SIGNORY-WEAVER: green
(45:52 / All) Sonata: good try though
(45:54 / All) Sonata: ^^
(47:06 / All) SIGNORY-WEAVER: cant believe me and green pulled this one out
(47:35 / All) SIGNORY-WEAVER: wtf
(47:43 / All) brianpeepers: where u com efrom
(47:44 / All) SIGNORY-WEAVER: u guys got a mher?
(47:54 / All) brianpeepers: Y U DO DIS
(47:57 / All) brianpeepers: WAT I DO 2 U
(48:02 / All) SIGNORY-WEAVER: lol
(48:09 / All) BadAsh: The dragons are for your protection
(48:10 / All) Sonata: i thought the exact to brian
(48:14 / All) Sonata: the thing being nothing xD
(48:19 / All) brianpeepers: <3
(48:33 / All) Sonata: only for joy xD
(48:39 / All) Sonata: lol
(49:17 / All) brianpeepers: i love this game
(49:21 / All) SIGNORY-WEAVER: i know
(50:52 / All) BadAsh: No one exits, no one lives.
(51:00 / All) brianpeepers: it's like a ghetto in this corner
(51:23 / All) brianpeepers: purais be for fearress reader
(51:34 / All) brianpeepers: kim jong purp
(52:52 / All) brianpeepers: no wood :(
(52:52 / All) SIGNORY-WEAVER: i feel like
(52:56 / All) SIGNORY-WEAVER: watching land before time
(53:02 / All) brianpeepers: 1-5 only dude
(53:05 / All) brianpeepers: don't go nuts
(53:08 / All) SIGNORY-WEAVER: little foot was awesome
(53:15 / All) SIGNORY-WEAVER: 1-5?
(53:18 / All) brianpeepers: the girl who played duckie died
(53:26 / All) SIGNORY-WEAVER: really
(53:32 / All) brianpeepers: yeah a while ago
(54:02 / All) Sonata: lol
(54:03 / All) SIGNORY-WEAVER: hsit
(54:03 / All) brianpeepers: why yellow
(54:04 / All) SIGNORY-WEAVER: sorry
(54:08 / All) Sonata: for fun
(54:08 / All) SIGNORY-WEAVER: sorry man
(54:10 / All) SIGNORY-WEAVER: i was typing
(54:12 / All) Sonata: intentional green
(54:13 / All) Sonata: ^^
(54:15 / All) SIGNORY-WEAVER: duckie died
(54:17 / All) SIGNORY-WEAVER: ?
(54:24 / All) SIGNORY-WEAVER: i have to ask green
(54:27 / All) SIGNORY-WEAVER: how do u know that
(54:27 / All) brianpeepers: yesw
(54:44 / All) SIGNORY-WEAVER: how do u know duckie's voice actor passed away
(54:49 / All) SIGNORY-WEAVER: who would know that
(54:50 / All) brianpeepers: google it man
(54:59 / All) brianpeepers: alt+tab and check
(55:00 / All) SIGNORY-WEAVER: but how did u know up the top of ur head
(55:29 / All) SIGNORY-WEAVER: i believe u, im just wondering how u know this
(55:48 / All) brianpeepers: how you NOT know that
(55:58 / All) SIGNORY-WEAVER: i liked little foot 2
(56:01 / All) SIGNORY-WEAVER: chomper was tight
(56:07 / All) brianpeepers: gonna feed on my SH?
(56:13 / All) brianpeepers: get that exp
(57:20 / All) SIGNORY-WEAVER: orange why did u call me jake
(57:31 / All) SIGNORY-WEAVER: how
(57:32 / All) Sonata: nvm it lol
(57:39 / All) SIGNORY-WEAVER: ok ok
(57:42 / All) SIGNORY-WEAVER: i concede
(57:50 / All) SIGNORY-WEAVER: yes i am jake
(57:53 / All) SIGNORY-WEAVER: yellar belly
(57:55 / All) BadAsh: He's Jacob Campbell the yellar belly
(58:06 / All) BadAsh: He donned his yellow robes for this evening
(58:11 / All) brianpeepers: FBI heading over
(58:20 / All) SIGNORY-WEAVER: backtrace bobby lee
(58:21 / All) SIGNORY-WEAVER: too
(58:30 / All) Sonata: and you purp are forseti. correct?
(58:31 / All) brianpeepers: from Mad TV?
(58:36 / All) SIGNORY-WEAVER: yes
(58:50 / All) SIGNORY-WEAVER: i would like to propose a question to u guys
(58:53 / All) BadAsh: No, I am the owner of the YellarBellyJake account
(59:01 / All) brianpeepers: exodus
(59:01 / All) BadAsh: but yellow, he's the yellar belly Jake
(59:02 / All) brianpeepers: is go
(59:03 / All) Sonata: good try on playing my head
(59:05 / All) Sonata: lol
(59:05 / All) SIGNORY-WEAVER: would you be willing to leave ur computer and warcraft on all night
(59:42 / All) Sonata: i looked at your forum to
(59:44 / All) Sonata: lol
(59:46 / All) BadAsh: "Forseti" isn't in this game
(59:49 / All) Sonata: putting a tandoff
(59:57 / All) SIGNORY-WEAVER: wut forum
(59:58 / All) Sonata: and putting ho come everyone
(60:00 / All) Sonata: got defeated
(60:01 / All) Sonata: lolz
(60:07 / All) Sonata: and mod putting
(60:11 / All) SIGNORY-WEAVER: were u afk intentionally last night oj
(60:11 / All) Sonata: could be a bug
(60:13 / All) Sonata: contact blizz
(60:14 / All) SIGNORY-WEAVER: we got in a game with u
(60:16 / All) Sonata: ofc
(60:19 / All) Sonata: i figured
(60:22 / All) Sonata: itd you and for
(60:25 / All) Sonata: not bother trying
(60:32 / All) SIGNORY-WEAVER: and this game?
(60:45 / All) Sonata: i tried due to it being hard to find a game even knoing
(60:48 / All) Sonata: that itz you and jake
(60:49 / All) Sonata: lol
(60:53 / All) Sonata: and already kne the outcome
(61:12 / All) SIGNORY-WEAVER: did ur allies even listen to what u were sayig
(61:21 / All) Sonata: didnt bother to talk no point
(61:25 / All) Sonata: in people trolling
(61:27 / All) Sonata: xD
(61:54 / All) Sonata: i pretty simple minded
(61:59 / All) Sonata: act on adapt and move on
(62:01 / All) SIGNORY-WEAVER: purp is killing himself!
(62:04 / All) Sonata: ofc
(62:06 / All) Sonata: ^^
(62:21 / All) Sonata: no ,suprise there lol
(62:32 / All) brianpeepers: this is great
(62:56 / All) Sonata: but really jake
(63:02 / All) Sonata: duck my reply
(63:07 / All) SIGNORY-WEAVER: which
(63:11 / All) Sonata: the real motivation behind doing thi all the time
(63:18 / All) Sonata: for pure trolling and entertainment or boredom?
(63:24 / All) BadAsh: It's for fun
(63:25 / All) Sonata: or to ruin a game ? lol
(63:32 / All) Sonata: lol
(63:33 / All) BadAsh: Sometime when you are a man you will stretchy pants in your room
(63:36 / All) BadAsh: It's for fun
(63:37 / All) SIGNORY-WEAVER: u cant ruin a game where everyone hacks
(63:44 / All) Sonata: i dont hack
(63:53 / All) brianpeepers: 2v2 is pretty full of hackers
(63:56 / All) brianpeepers: 4v4 isn't so bad
(63:57 / All) SIGNORY-WEAVER: everyone implies a lot
(64:10 / All) Sonata: i mean if i have to make a pit being undead
(64:11 / All) SIGNORY-WEAVER: look at 4v4 arranged teams on all 4 servers, its ridiculous
(64:15 / All) Sonata: to make a lot of hade to look out
(64:19 / All) Sonata: i cant be hacking lol
(64:22 / Allies) BadAsh: presents for you
(64:23 / All) Sonata: or go to arcane
(64:25 / Allies) BadAsh: merry christmas
(64:26 / All) Sonata: to find
(64:28 / All) Sonata: invi mort
(64:44 / All) Sonata: id be able to tp immediatvly
(64:50 / All) Sonata: if i had the hack
(64:53 / All) Sonata: lol
(65:05 / All) Sonata: and itd not be that painful
(65:09 / All) Sonata: to find that mort
(65:11 / All) Sonata: and all that
(65:40 / All) brianpeepers: NUUUUUUUUUU
(65:44 / All) Sonata: lol
(65:57 / All) SIGNORY-WEAVER: lots of dragons wtf
(66:14 / All) Sonata: from dragon roo due to million of expo on map xD
(66:15 / All) brianpeepers: how long is the cooldown on buying those man
(66:37 / All) SIGNORY-WEAVER: one time he got 100 food of dragons
(66:42 / All) SIGNORY-WEAVER: took him like 3 hours
(66:42 / All) Sonata: lol
(66:47 / All) brianpeepers: amazing
(66:48 / All) Sonata: three hour
(66:51 / All) Sonata: too long
(66:53 / All) Sonata: o_o
(67:04 / All) brianpeepers: don't do it
(67:08 / All) brianpeepers: ...I know you want it
(67:13 / All) Sonata: lol
(67:32 / All) Sonata: im gonna uote either purp or yello
(67:34 / All) Sonata: dont remember
(68:11 / All) Sonata: "My side is done"
(68:13 / All) Sonata: lmao lol
(68:17 / All) SIGNORY-WEAVER: LOL
(68:31 / All) SIGNORY-WEAVER: yes
(68:34 / All) SIGNORY-WEAVER: lets have one duel
(68:38 / All) SIGNORY-WEAVER: before me and purple leave
(68:42 / All) SIGNORY-WEAVER: then u guys get our units
(68:44 / All) Sonata: a duel
(68:45 / All) Sonata: lol
(68:51 / All) Sonata: not even a fair one
(68:56 / All) Sonata: doing ulti on hunter
(68:57 / All) Sonata: lmao
(69:02 / All) Sonata: and bm!!
(69:25 / All) Sonata: more like
(69:29 / All) Sonata: dont call it a duel
(69:30 / All) Sonata: call it
(69:41 / All) Sonata: sinking titanic
(69:41 / All) Sonata: xD
(69:44 / All) SIGNORY-WEAVER: green
(69:45 / All) BadAsh: May you all have a merry Christmas!
(69:49 / All) Sonata: ever heard of it?
(69:50 / All) SIGNORY-WEAVER: u get my units lol